 Dungeon Crawl Stone Soup version 0.24.0-37-gcf1ca852f1 (webtiles) character file.

Game seed: 9009743097455716510, levelgen mode: deterministic

149 PentaManta the Slasher (level 5, -2/36 HPs)
             Began as an Octopode Fighter on Dec 5, 2019.
             Slain by an adder zombie (3 damage)
             ... in an ossuary.
             The game lasted 00:05:36 (3099 turns).

PentaManta the Slasher (Octopode Fighter)           Turns: 3099, Time: 00:05:36

Health: -2/36      AC:  1    Str: 21    XL:     5   Next: 31%
Magic:  5/5        EV: 11    Int: 10    God:
Gold:   264        SH:  9    Dex: 12    Spells: 4/4 levels left

rFire    . . .     SeeInvis .   n - +2 dagger (vamp)
rCold    . . .     Gourm    .   b - +0 shield
rNeg     . . .     Faith    .   (helmet restricted)
rPois    .         Spirit   .   (no amulet)
rElec    .         Reflect  .   (no ring)
rCorr    .         Harm     .   (no ring)
MR       .....                  (no ring)
Stlth    ++........             (no ring)
HPRegen  0.12/turn              (no ring)
MPRegen  0.09/turn              (no ring)
                                (no ring)
                                (no ring)

@: mighty
A: almost no armour, stealthy swim, amphibious, 8 rings, constrict 8, camouflage
1, gelatinous body 1
a: no special abilities


You were in an ossuary.
You were near starving.

You visited 1 branch of the dungeon, and saw 4 of its levels.
You also visited: Ossuary.

You collected 264 gold pieces.

Inventory:

Hand Weapons
 a - a +0 long sword
 n - a +2 vampiric dagger (weapon)
Missiles
 m - 2 throwing nets (quivered)
Armour
 b - a +0 shield (worn)
 t - a +0 large shield
Jewellery
 o - an uncursed ring of fire
Wands
 s - a wand of acid (7)
Scrolls
 e - 2 scrolls of remove curse
 i - a scroll of enchant weapon
Potions
 c - a potion of might
 f - a potion of brilliance
 g - 3 potions of degeneration {unknown}
 h - a potion of flight {unknown}
 j - a potion of curing {unknown}
 k - a potion of resistance {unknown}
 l - a potion of magic {unknown}
 r - a potion of agility {unknown}
 u - a potion of lignification {unknown}
Comestibles
 d - 5 rations


   Skills:
 - Level 3.0 Fighting
 + Level 5.3 Long Blades
 - Level 3.0 Dodging
 - Level 3.0 Shields


You had 4 spell levels left.
You didn't know any spells.
Your spell library was empty.

Dungeon Overview and Level Annotations

Branches:
Dungeon (4/15)            Ossuary (1/1)
 Temple: D:4-7

Altars:
Ashenzari
Hepliaklqana


Innate Abilities, Weirdness & Mutations

You cannot wear most types of armour.
You are very stealthy in the water. (Stealth+)
You are amphibious.
You can wear up to eight rings at the same time.
You can use your tentacles to constrict eight enemies at once.
Your skin changes colour to match your surroundings (Stealth+).
Your rubbery body absorbs attacks. (AC +1, EV +1)


Message History

* * * LOW HITPOINT WARNING * * *
The big kobold zombie hits you but does no damage.
You feel very mighty all of a sudden. The centaur zombie hits you.
* * * LOW HITPOINT WARNING * * *
The big kobold zombie closely misses you.
You hit the centaur zombie.
The centaur zombie is almost destroyed.
You block the centaur zombie's attack.
A hobgoblin zombie comes into view.
The centaur zombie hits you.
* * * LOW HITPOINT WARNING * * *
You puncture the centaur zombie!
You destroy the centaur zombie!
The big kobold zombie closely misses you.
The sentinel's mark upon you fades away.
You block the adder zombie's attack.
A hobgoblin zombie comes into view.
The adder zombie bites you.
You die...

...................#
.......8..8........#
...............Z...#
..######^.######Z..#
..# #^.# #...# ..#
#^^# #.Z.# ..# #..#
#.Z.# ..# .... #ZZ.#
..# ##... #@..# ..#
#... #...# ..# #....
#...# ..# #...# ..#
#...# ..# #...# ..#
#...#
..##############...#
...................#


You could see an adder zombie, 3 hobgoblin zombies, a big kobold zombie and a
human zombie.

Vanquished Creatures
  A centaur zombie (Ossuary)
  4 adders
  5 worms
  2 dart slugs
  A leopard gecko (D:2)
  3 ball pythons
  3 giant cockroaches
  3 goblins
  11 hobgoblins
  A quokka (D:3)
  5 bats
  2 frilled lizards (D:1)
  10 hobgoblin zombies (Ossuary)
  A jackal zombie (Ossuary)
  4 kobolds
  5 kobold zombies (Ossuary)
  5 orc zombies (Ossuary)
  3 rats
69 creatures vanquished.

Vanquished Creatures (others)
  4 toadstools (D:1)
4 creatures vanquished.

Grand Total: 73 creatures vanquished

Notes
Turn   | Place    | Note
-------+----------+-------------------------------------------
     0 | D:1      | PentaManta the Octopode Fighter began the quest for the
                  | Orb.
     0 | D:1      | Reached XP level 1. HP: 16/16 MP: 1/1
   278 | D:1      | Reached XP level 2. HP: 21/21 MP: 2/2
   591 | D:1      | Reached skill level 3 in Long Blades
   910 | D:2      | Reached XP level 3. HP: 23/26 MP: 3/3
  1116 | D:2      | Found a shattered altar of Ashenzari.
  1223 | D:2      | Found a hazy altar of Hepliaklqana.
  1499 | D:2      | Reached skill level 4 in Long Blades
  1704 | D:3      | Reached XP level 4. HP: 31/31 MP: 4/4
  2719 | D:4      | Found a sand-covered staircase.
  2724 | Ossuary  | Entered an ossuary
  2898 | Ossuary  | Reached skill level 5 in Long Blades
  3031 | Ossuary  | Reached XP level 5. HP: 34/36 MP: 5/5
  3097 | Ossuary  | HP: 1/36 [centaur zombie (6)]
  3099 | Ossuary  | Slain by an adder zombie

Levels and vault maps discovered:
D:1:      ldierk_water_garden, layout_basic, st_stairs_12
D:2:      layout_loops_ring, lemuel_doored_altar, old_standard_altar,
          minmay_randomly_rotated_circles
D:3:      layout_basic, first_ration
D:4:      layout_cave_pools, gammafunk_temple_overflow_claw,
          nicolae_ossuary_entry_false_entrances, uniq_eustachio, uniq_pikel
Ossuary:  ossuary_tomb_1

Skill      XL: |  1  2  3  4 |
---------------+-------------+-----
Long Blades    | 3 4 5 |  5.3
Fighting       | |  3.0
Dodging        | |  3.0
Shields        | |  3.0

Action                   |  1- 3 |  4- 6 || total
-------------------------+-------+-------++-------
Melee: Long sword        |    13 |       ||    13
       Constrict         |    20 |    27 ||    47
       Tentacles         |    15 |    25 ||    40
       Dagger            |    53 |    91 ||   144
  Use: Scroll            |     5 |     2 ||     7
       Potion            |       |     1 ||     1
 Stab: Sleeping          |     4 |     2 ||     6
  Eat: Chunk             |     2 |     3 ||     5
Armor: Skin              |    10 |     3 ||    13
Dodge: Dodged            |    35 |    21 ||    56
Block: Shield            |    20 |    15 ||    35
       Rpst.: Long sword |     1 |       ||     1
